 Dungeon Crawl Stone Soup version 0.24-a0-613-g1ff6aac (webtiles) character file.

Game seed: 15268065696055801316, levelgen mode: deterministic

134 JeffiDaFish the Shield-Bearer (level 5, -5/33 HPs)
             Began as a Gargoyle Fighter on Sept 10, 2019.
             Slain by Sigmund
             ... wielding a +0 scythe
              (11 damage)
             ... on level 3 of the Dungeon.
             The game lasted 00:03:54 (2406 turns).

JeffiDaFish the Shield-Bearer (Gargoyle Fighter)    Turns: 2406, Time: 00:03:55

Health: -5/33      AC: 11    Str: 26    XL:     5   Next: 17%
Magic:  5/5        EV:  8    Int:  8    God:
Gold:   86         SH:  0    Dex:  9    Spells: 4/4 levels left

rFire    . . .     SeeInvis .   a - +0 flail
rCold    . . .     Gourm    .   c - +0 shield
rNeg     + + .     Faith    .   b - +0 scale mail
rPois    ∞         Spirit   .   (no helmet)
rElec    +         Reflect  .   (no cloak)
rCorr    .         Harm     .   (no gloves)
MR       .....                  (no boots)
Stlth    ..........             (no amulet)
HPRegen  0.11/turn              j - ring of positive energy
MPRegen  0.09/turn              (no ring)

@: confused, mighty
A: negative energy resistance 1, electricity resistance, unbreathing,
petrification resistance, rot immunity, AC +4
a: no special abilities


You were on level 3 of the Dungeon.
You were not hungry.

You visited 1 branch of the dungeon, and saw 3 of its levels.

You collected 86 gold pieces.

Inventory:

Hand Weapons
 a - a +0 flail (weapon)
Armour
 b - a +0 scale mail (worn)
 c - a +0 shield (worn)
Jewellery
 j - a ring of positive energy (left hand)
Scrolls
 e - 2 scrolls of remove curse
 h - 4 scrolls of identify
 k - a scroll of teleportation
 l - 2 scrolls of magic mapping {unknown}
Potions
 i - a potion of agility
Comestibles
 f - 7 rations
 g - a chunk of flesh


   Skills:
 * Level 3.9 Fighting
 + Level 3.3 Maces & Flails
 * Level 3.7 Armour
 - Level 0.4 Dodging
 + Level 4.5 Shields


You had 4 spell levels left.
You didn't know any spells.
Your spell library was empty.

Dungeon Overview and Level Annotations

Branches:
Dungeon (3/15)

Altars:
Cheibriados
The Shining One

Annotations:
D:3 Sigmund


Innate Abilities, Weirdness & Mutations

You are resistant to torment.
Your stone body is resilient. (AC +4)
You are immune to poison.
You resist negative energy. (rN+)
You are resistant to electric shocks. (rElec)
You can survive without breathing.
You are immune to petrification.
You are immune to rotting.


Message History

You closely miss something. Something hits you.
You miss something. Something hits you but does no damage.
You closely miss something. You closely miss something. Something hits you!
You closely miss something.
You hear some strange, mumbled words.
A puff of flame appears from out of thin air!
The puff of flame hits you but does no damage.
You hear some strange, mumbled words.
You are confused.
You bump into the rock wall.
Something hits you.
* * * LOW HITPOINT WARNING * * *
Some of the chunks of flesh in your inventory have rotted away.
You bump into the rock wall.
You closely miss something. Something hits you but does no damage.
You bump into the rock wall.
You hear some strange, mumbled words.
Something tries to affect you, but you resist.
Something hits you!
You die...

# #########
#.##...@{..#
#.......##.#
####.##.##.#
#.##....#
#.####..#
#.####..# .
#.......#######..
#######.##........
....##.....)......


There were no monsters in sight!

Vanquished Creatures
  Jessica (D:2)
  An orc wizard (D:3)
  3 adders (D:2)
  A dart slug (D:2)
  4 orcs (D:3)
  A giant cockroach (D:2)
  5 goblins
  5 hobgoblins
  7 jackals
  6 kobolds
  A quokka (D:2)
  3 bats
  4 frilled lizards
  9 rats
51 creatures vanquished.

Notes
Turn   | Place    | Note
-------+----------+-------------------------------------------
     0 | D:1      | JeffiDaFish the Gargoyle Fighter began the quest for the
                  | Orb.
     0 | D:1      | Reached XP level 1. HP: 14/14 MP: 1/1
   401 | D:1      | Reached XP level 2. HP: 19/19 MP: 2/2
   937 | D:2      | Found a snail-covered altar of Cheibriados.
   998 | D:2      | Reached skill level 4 in Shields
   998 | D:2      | Reached XP level 3. HP: 21/23 MP: 3/3
  1394 | D:2      | Reached XP level 4. HP: 29/29 MP: 4/4
  1515 | D:2      | Found a glowing golden altar of the Shining One.
  1615 | D:2      | Noticed Jessica
  1622 | D:2      | Killed Jessica
  2187 | D:3      | Reached XP level 5. HP: 11/33 MP: 5/5
  2388 | D:3      | Noticed Sigmund
  2406 | D:3      | Slain by Sigmund

Levels and vault maps discovered:
D:1:      nzn_arrival_crosshair, layout_basic, minmay_misc_feat_square
D:2:      layout_basic, cheibriados_altar_1, nicolae_tso_carved_into_rock,
          first_ration, uniq_jessica
D:3:      layout_loops_cross, uniq_sigmund

Skill      XL: |  1  2  3  4 |
---------------+-------------+-----
Shields        | 4 |  4.5
Maces & Flails | 3 |  3.3
Fighting       | |  3.9
Armour         | |  3.7
Dodging        | |  0.4

Action                   |  1- 3 |  4- 6 || total
-------------------------+-------+-------++-------
Melee: Flail             |   137 |    96 ||   233
  Use: Potion            |     4 |     1 ||     5
       Scroll            |     3 |       ||     3
  Eat: Chunk             |     2 |     3 ||     5
Armor: Scale mail        |    93 |    47 ||   140
Dodge: Dodged            |    63 |    26 ||    89
Block: Shield            |    77 |    30 ||   107

Table legend:
 A = Non-vault XP
 B = Vault XP
 C = Vault XP percentage of total XP
 D = Non-vault monster count
 E = Vault monster count
 F = Vault count percentage of total count
                 A         B        C        D         E       F
            +---------+---------+-------+---------+---------+-------
      Total |     155 |      37 |  19.3 |      50 |       1 |   2.0
            +---------+---------+-------+---------+---------+-------
        D:1 |      30 |       0 |   0.0 |      19 |       0 |   0.0
        D:2 |      77 |      37 |  32.5 |      25 |       1 |   3.8
        D:3 |      48 |       0 |   0.0 |       6 |       0 |   0.0
            +---------+---------+-------+---------+---------+-------
